 Dungeon Crawl Stone Soup version 0.19.3 (webtiles) character file.

106 DarkTechnomancer the Sneak (level 4, -3/21 HPs)
             Began as a Vine Stalker Enchanter on Jan 23, 2017.
             Was an Initiate of Ashenzari.
             Killed by divine providence
             ... invoked by an orc priest
              (8 damage)
             ... on level 3 of the Dungeon.
             The game lasted 00:13:28 (2436 turns).

DarkTechnomancer the Sneak (Vine Stalker Enchanter) Turns: 2436, Time: 00:13:28

Health: -3/21      AC:  3    Str: 10    XL:     4   Next: 84%
Magic:  0/8        EV: 11    Int: 16    God:    Ashenzari [......]
Gold:   175        SH:  3    Dex: 15    Spells: 2 memorised, 5 levels left

rFire  . . .     SeeInvis .     a - +1 dagger
rCold  . . .     Gourm    .     p - +1 robe
rNeg   . . .     Faith    .     j - +0 buckler (curse)
rPois  .         Spirit   +     (no helmet)
rElec  .         Reflect  .     (no cloak)
rCorr  .         Harm     .     (no gloves)
MR     .....                    (no boots)
Stlth  +++.......               (no amulet)
                                (no ring)
                                (no ring)

@: very slightly contaminated
A: fangs 2, regeneration 1, magic shield, antimagic bite, no device heal 3, rot
immunity
a: Curse Item, Renounce Religion


You were on level 3 of the Dungeon.
You worshipped Ashenzari.
Ashenzari was noncommittal.
You were not hungry.

You visited 1 branch of the dungeon, and saw 3 of its levels.

You collected 175 gold pieces.

Inventory:

Hand Weapons
 a - a +1 dagger (weapon)
 b - a +0 hunting sling
Missiles
 e - 18 stones (quivered)
Armour
 j - a cursed +0 buckler (worn)
 p - a +1 robe (worn)
Wands
 f - a wand of polymorph (9/24)
Scrolls
 g - 2 scrolls of enchant armour {unknown}
 h - 2 scrolls of remove curse
 m - 2 scrolls of magic mapping {unknown}
 n - a scroll of teleportation {unknown}
 t - a scroll of amnesia {unknown}
 u - a scroll of identify {unknown}
Potions
 i - 2 potions of lignification {unknown}
 o - 2 potions of heal wounds {unknown}
 q - a potion of degeneration {unknown}
 s - a potion of cure mutation {unknown}
Books
 c - a book of Maledictions

   Spells                             Type                      Level
   a - Corona                         Hexes                        1
   b - Ensorcelled Hibernation        Hexes/Ice                    2
   c - Confuse                        Hexes                        3
   d - Tukima's Dance                 Hexes                        3
   e - Dazzling Spray                 Conjuration/Hexes            3
 k - a book of Changes

   Spells                             Type                      Level
   a - Beastly Appendage              Transmutation                1
   b - Sticks to Snakes               Transmutation                2
   c - Spider Form                    Transmutation/Poison         3
   d - Ice Form                       Ice/Transmutation            4
   e - Blade Hands                    Transmutation                5
Comestibles
 d - a bread ration
 l - 5 chunks of flesh
 r - a meat ration
 v - a beef jerky


   Skills:
 * Level 2.5 Short Blades
 - Level 1.5 Dodging
 * Level 4.9 Stealth
 + Level 0.3 Shields
 + Level 2.5 Spellcasting
 + Level 3.4 Hexes


You had 5 spell levels left.
You knew the following spells:

 Your Spells              Type           Power        Failure   Level  Hunger
a - Ensorcelled Hibernat  Hex/Ice        #.....       28%         2    ##.....
b - Corona                Hex            ##.....      10%         1    #......


Dungeon Overview and Level Annotations

Branches:
Dungeon (3/15)

Altars:
Ashenzari
Gozag
Hepliaklqana
Makhleb
Ru
Trog
Uskayaw


Innate Abilities, Weirdness & Mutations

You have extremely sharp teeth.
Your natural rate of healing is unusually fast.
When hurt, damage is shared between your health and your magic reserves.
Your bite disrupts and absorbs the magic of your enemies.
Potions and wands cannot restore your health.
You are immune to rotting.


Message History

You hit the orc priest.
The orc priest is heavily wounded.
You block the orc priest's attack.
You hit the orc priest but do no damage.
You bite the orc priest. You drain its power.
You feel invigorated.
The orc priest is heavily wounded.
The orc priest barely misses you.
Casting: Ensorcelled Hibernation
Confirm with . or Enter, or press ? or * to list all spells.
Aiming: Ensorcelled Hibernation
Press: ? - help, Shift-Dir - straight line, f/p - orc priest
Aim: an orc priest, wielding a hand axe and wearing a leather armour (heavily wounded, chance to defeat MR: 38%)
You miscast Ensorcelled Hibernation.
You feel a strange surge of energy! You block the orc priest's attack.
You hit the orc priest but do no damage.
Your bite misses the orc priest.
The orc priest is heavily wounded.
The orc priest invokes the aid of Beogh against you.
Beogh smites you!
You die...

...#...###...##
######.....#..#
####..#..#
##....##
#..#..##
#..##..###
#..###...#
#.....##.#
..##..o@.# #.
##.##.# #.####
#.# #.# #..
.o.. ..%..
#......


You could see an orc priest.

Vanquished Creatures
  4 adders
  2 worms
  3 dart slugs
  2 leopard geckos
  An orc (D:3)
  3 bats
  3 giant cockroaches
  7 goblins
  3 hobgoblins
  2 jackals (D:2)
  A quokka (D:2)
  2 frilled lizards (D:1)
  12 kobolds
  12 rats
57 creatures vanquished.

Notes
Turn   | Place    | Note
-------+----------+-------------------------------------------
     0 | D:1      | DarkTechnomancer the Vine Stalker Enchanter began the quest for the Orb.
     0 | D:1      | Reached XP level 1. HP: 9/9 MP: 4/4
    67 | D:1      | Reached skill level 1 in Short Blades
   411 | D:1      | Reached skill level 4 in Stealth
   411 | D:1      | Reached XP level 2. HP: 11/13 MP: 6/6
  1081 | D:1      | Reached XP level 3. HP: 8/16 MP: 3/7
  1570 | D:2      | Learned a level 2 spell: Ensorcelled Hibernation
  1718 | D:2      | Gained mutation: Your natural rate of healing is unusually fast. [Vine Stalker growth]
  1718 | D:2      | Reached XP level 4. HP: 11/21 MP: 6/8
  2176 | D:3      | Found a hazy altar of Hepliaklqana.
  2176 | D:3      | Found a sacrificial altar of Ru.
  2182 | D:3      | Found a shattered altar of Ashenzari.
  2182 | D:3      | Found a bloodstained altar of Trog.
  2186 | D:3      | Found a hide-covered altar of Uskayaw.
  2186 | D:3      | Found an opulent altar of Gozag.
  2187 | D:3      | Found a burning altar of Makhleb.
  2199 | D:3      | Became a worshipper of Ashenzari the Shackled
  2436 | D:3      | Killed from afar by an orc priest

Skill      XL: |  1  2  3 |
---------------+----------+-----
Short Blades   | 1 2 |  2.5
Stealth        | 4 |  4.9
Dodging        | |  1.5
Shields        | |  0.3
Spellcasting   | |  2.5
Hexes          | |  3.4

Action                   |  1- 3 |  4- 6 || total
-------------------------+-------+-------++-------
Melee: Dagger            |   100 |    60 ||   160
       Bite              |    13 |    13 ||    26
 Fire: Hunting sling     |     2 |    37 ||    39
 Cast: Ensorcelled Hiber |     2 |     7 ||     9
       Corona            |     2 |       ||     2
Invok: Curse Item        |       |     1 ||     1
 Stab: Sleeping          |     9 |     3 ||    12
  Eat: Chunk             |     3 |     3 ||     6
Armor: Robe              |    10 |    11 ||    21
Dodge: Dodged            |    48 |    22 ||    70
Block: Buckler           |     6 |     6 ||    12
